 Dungeon Crawl Stone Soup version 0.29-a0-1027-gcd8c55af63 (webtiles) character file.

Game seed: 15793522134130209501

485964 frimble the Warrior (level 23, -19/258 HPs)
             Began as a Demonspawn Earth Elementalist on Aug 13, 2022.
             Was the Champion of Cheibriados.
             Demolished by a white very ugly thing (40 damage)
             ... on level 4 of the Depths.
             The game lasted 01:12:02 (50133 turns).

frimble the Warrior (DsEE)                         Turns: 50133, Time: 01:12:02

Health: -19/258    AC: 32    Str: 30    XL:     23   Next: 50%
Magic:  35/42      EV: 30    Int: 36    God:    Cheibriados [******]
Gold:   4591       SH: 11    Dex: 30    Spells: 36/52 levels left

rFire   + . .      SeeInvis +     - Unarmed
rCold   . . .      Faith    .   X - +3 warlock's mirror {reflect}
rNeg    + . .      Spirit   .   (body armour currently unavailable)
rPois   ∞          Reflect  +   (helmet unavailable)
rElec   +          Harm     .   (cloak unavailable)
rCorr   .          Rampage  .   (gloves unavailable)
Will    ++...      Clarity  +   (boots currently unavailable)
Stlth   ++++++....              M - amulet of Vitality {RegenMP++ Regen++}
HPRegen 2.13/turn               q - ring "Badu" {rF+ Will+}
MPRegen 1.08/turn               h - ring of Juewip {Contam Dex+3 Slay+3 SInv}

@: mighty, agile, statue-form, very slow
A: slow and powerful, torment resistance 1, boosted hp, horns 3, ignite blood 3,
powered by pain 3, augmentation 2, weakness stinger 3, demonic touch 3, clarity,
clumsy 1, wild magic 1, noise suppression
}: 3/15 runes: decaying, serpentine, silver
a: End Transformation, Renounce Religion, Bend Time, Temporal Distortion,
Slouch, Step From Time


You were on level 4 of the Depths.
You worshipped Cheibriados.
Cheibriados was exalted by your worship.
You were a living statue of rough stone.
You visited 9 branches of the dungeon, and saw 43 of its levels.
You visited the Abyss 1 time.
You also visited: Gauntlet and Wizlab.

You collected 9428 gold pieces.
You spent 4837 gold pieces at shops.

Inventory:

Missiles
 e - 4 throwing nets
 W - 9 silver javelins
Armour
 g - the +11 gold dragon scales of the Nine of Cups {rPois rF+ rC+ rN++}
   (You found it on level 3 of the Vaults)

   rF:        It protects you from fire.
   rC:        It protects you from cold.
   rPois:     It protects you from poison.
   rN:        It greatly protects you from negative energy.
 B - the +2 pair of boots of the Fuzzy God (melded) {rC+}
   (You found it in a Gauntlet)

   rC:        It protects you from cold.
 F - a +2 kite shield
 V - a +2 troll leather armour (melded)
 X - the +3 warlock's mirror (worn) {reflect}
   (You found it in a Gauntlet)

   It can block and reflect piercing ranged attacks and magical attacks against
   the wielder's willpower.
Jewellery
 h - the ring of Juewip (right fist) {Contam Dex+3 Slay+3 SInv}
   (You found it in a Gauntlet)

   [ring of see invisible]

   Dex:       It affects your dexterity (+3).
   Slay:      It affects your accuracy & damage with ranged weapons and melee
   (+3).
   SInv:      It lets you see invisible.
   Contam:    It causes magical contamination when unequipped.
 p - the amulet of Cynicism {Reflect Drain rElec rC+++ Regen+ SH+5}
   (You found it on level 1 of the Snake Pit)

   [amulet of reflection]

   It reflects blocked missile attacks.
   rC:        It renders you almost immune to cold.
   rElec:     It insulates you from electricity.
   Regen:     It increases your rate of health regeneration.
   Drain:     It drains your maximum health when unequipped.
   SH:        It affects your SH (+5).
 q - the ring "Badu" (left fist) {rF+ Will+}
   (You found it on level 3 of the Elven Halls)

   [ring of protection from fire]

   rF:        It protects you from fire.
   Will:      It increases your willpower.
 x - a ring of resist corrosion
 J - the ring of Kettin {Fly Will+ Dex+6}
   (You found it on level 3 of the Depths)

   [ring of dexterity]

   Dex:       It affects your dexterity (+6).
   Fly:       It grants you flight.
   Will:      It increases your willpower.
 M - the amulet of Vitality (around neck) {RegenMP++ Regen++}
   (You bought it in a shop on level 2 of the Elven Halls)

   [amulet of magic regeneration]

   It increases your rate of magic regeneration.
   Regen:     It increases your rate of health regeneration.
 R - an amulet of faith
 S - a ring of positive energy
 Y - a ring of see invisible
 Z - the ring "Bionem" {rF+ rC++ rCorr MP+9 Stlth-}
   (You took it off a deep elf zephyrmancer on level 2 of the Elven Halls)

   [ring of resist corrosion]

   rF:        It protects you from fire.
   rC:        It greatly protects you from cold.
   MP:        It affects your magic capacity (+9).
   rCorr:     It protects you from acid and corrosion.
   Stlth:     It makes you less stealthy.
Wands
 n - a wand of mindburst (4)
 v - a wand of flame (121)
 w - a wand of polymorph (54)
 C - a wand of charming (77)
 D - a wand of digging (14)
 K - a wand of iceblast (28)
Scrolls
 c - 3 scrolls of silence
 d - 24 scrolls of teleportation
 r - 10 scrolls of amnesia
 s - 10 scrolls of immolation
 t - 7 scrolls of poison
 E - a scroll of enchant armour
 G - 9 scrolls of butterflies
 O - 2 scrolls of magic mapping
 P - 2 scrolls of summoning
 T - 4 scrolls of blinking
 U - 10 scrolls of fear
Potions
 a - 13 potions of lignification
 b - 7 potions of magic
 f - 4 potions of flight
 i - 32 potions of curing
 j - 8 potions of cancellation
 k - 10 potions of might
 m - 11 potions of heal wounds
 o - 8 potions of resistance
 u - 10 potions of brilliance
 z - 6 potions of attraction
 A - 2 potions of berserk rage
 H - 8 potions of mutation
 I - 4 potions of invisibility
 N - 7 potions of ambrosia
 Q - 5 potions of haste
Miscellaneous
 l - a condenser vane
 y - a tin of tremorstones (2/2)


   Skills:
 + Level 20.8 Fighting
 - Level 5.2 Armour
 - Level 12.3 Dodging
 + Level 10.7 Stealth
 - Level 8.4 Shields
 + Level 19.1 Unarmed Combat
 - Level 15.0 Spellcasting
 - Level 10.0 Necromancy
 - Level 7.0 Translocations
 - Level 12.0 Transmutations
 - Level 13.0 Earth Magic
 - Level 15.1 Invocations
 - Level 6.0 Evocations


You had 36 spell levels left.
You knew the following spells:

 Your Spells              Type           Power      Damage    Failure   Level
a - Statue Form           Tmut/Erth      66%        N/A       3%          6
b - Passwall              Tmut/Erth      83%        N/A       1%          2
c - Apportation           Tloc           100%       N/A       1%          1
d - Blink                 Tloc           100%       N/A       1%          2
e - Borgnjor's Vile Clut  Necr/Erth      48%        N/A       1%          5

Your spell library contained the following spells:

 Spells                   Type           Power      Damage    Failure   Level
 Beastly Appendage        Tmut           100%       N/A       1%          1
 Sandblast                Erth           100%       2d20      1%          1
 Sting                    Tmut/Pois      100%       1d8       1%          1
 Sublimation of Blood     Necr           91%        N/A       1%          2
 Wereblood                Tmut           99%        N/A       1%          2
 Lesser Beckoning         Tloc           79%        N/A       1%          3
 Spider Form              Tmut/Pois      74%        N/A       1%          3
 Stone Arrow              Conj/Erth      100%       3d13      1%          3
 Animate Dead             Necr           91%        N/A       1%          4
 Dispel Undead            Necr           91%        3d29      1%          4
 Passage of Golubria      Tloc           79%        N/A       1%          4
 Petrify                  Tmut/Erth      100%       N/A       1%          4
 Agony                    Necr           91%        N/A       1%          5
 Blade Hands              Tmut           49%        N/A       1%          5
 Lee's Rapid Deconstruct  Erth           51%        3d25*     1%          5
 Ignite Poison            Fire/Tmut/Pois 64%        N/A       2%          3
 Portal Projectile        Hex/Tloc       100%       N/A       2%          3
 Animate Armour           Summ/Erth      100%       N/A       2%          4
 Ice Form                 Ice/Tmut       74%        N/A       2%          4
 Leda's Liquefaction      Hex/Erth       38%        N/A       2%          4
 Foxfire                  Conj/Fire      100%       2x1d9     3%          1
 Freeze                   Ice            100%       1d11      3%          1
 Magic Dart               Conj           100%       1d8       3%          1
 Call Imp                 Summ           35%        N/A       4%          2
 Ensorcelled Hibernation  Hex/Ice        70%        N/A       4%          2
 Poisonous Vapours        Pois/Air       70%        N/A       4%          2
 Anguish                  Hex/Necr       34%        N/A       4%          4
 Manifold Assault         Tloc           79%        N/A       4%          5
 Corpse Rot               Necr/Pois/Air  60%        N/A       7%          4
 Iskenderun's Mystic Bla  Conj/Tloc      62%        2d13      7%          4
 Alistair's Intoxication  Tmut/Pois      49%        N/A       7%          5
 Irradiate                Conj/Tmut      37%        3d24      7%          5
 Yara's Violent Unravell  Hex/Tmut       37%        3d15      7%          5
 Death Channel            Necr           45%        N/A       7%          6
 Confusing Touch          Hex            35%        N/A       8%          3
 Conjure Flame            Conj/Fire      35%        6-21      8%          3
 Dazzling Flash           Conj/Hex       70%        N/A       8%          3
 Frozen Ramparts          Ice            70%        1d11      8%          3
 Inner Flame              Hex/Fire       35%        N/A       8%          3
 Mephitic Cloud           Conj/Pois/Air  35%        N/A       8%          3
 Ozocubu's Armour         Ice            35%        N/A       8%          3
 Tukima's Dance           Hex            35%        N/A       8%          3
 Dragon Form              Tmut           49%        N/A       16%         7
 Airstrike                Air            17%        2d(3-19)  24%         4
 Cause Fear               Hex            17%        N/A       24%         4
 Flame Wave               Conj/Fire      35%        2d10      24%         4
 Fulminant Prism          Conj/Hex       17%        3d11      24%         4
 Olgreb's Toxic Radiance  Pois           35%        N/A       24%         4
 Summon Ice Beast         Ice/Summ       35%        N/A       24%         4
 Summon Lightning Spire   Summ/Air       35%        N/A       24%         4
 Iron Shot                Conj/Erth      38%        9d8       26%         6
 Simulacrum               Ice/Necr       34%        N/A       41%         6
 Fireball                 Conj/Fire      17%        3d9       52%         5
 Freezing Cloud           Conj/Ice/Air   17%        6-21      52%         5
 Lightning Bolt           Conj/Air       17%        1d32      52%         5
 Metabolic Englaciation   Hex/Ice        17%        N/A       52%         5
 Silence                  Hex/Air        17%        N/A       52%         5
 Summon Mana Viper        Hex/Summ       35%        N/A       52%         5
 Storm Form               Tmut/Air       37%        N/A       83%         7
 Haunt                    Necr/Summ      34%        N/A       92%         7
 Infestation              Necr           45%        N/A       92%         8
 Conjure Ball Lightning   Conj/Air       17%        3x3d6     97%         6
 Starburst                Conj/Fire      17%        6d6       97%         6
 Enfeeble                 Hex            17%        N/A       100%        7
 Ozocubu's Refrigeration  Ice            17%        4d11      100%        7
 Ignition                 Fire           17%        3d7       100%        8
 Maxwell's Capacitive Co  Air            17%        ∞         100%        8
 Chain Lightning          Conj/Air       17%        3d23      100%        9
 Death's Door             Necr           45%        N/A       100%        9
 Dragon's Call            Summ           17%        N/A       100%        9
 Fire Storm               Conj/Fire      17%        8d5       100%        9
 Polar Vortex             Ice            17%        N/A       100%        9
 Shatter                  Erth           51%        3d39*     100%        9


Dungeon Overview and Level Annotations

Branches:
Dungeon (15/15)            Temple (1/1) D:6            Lair (5/5) D:11
  Swamp (4/4) Lair:3        Snake (4/4) Lair:2        Slime (0/5) Lair:4
    Orc (2/2) D:12            Elf (3/3) Orc:2        Vaults (5/5) D:14
  Crypt (0/3) Vaults:2     Depths (4/4) D:15         WizLab (visited)
Gauntlet (visited)
    Zot: Depths:4

Altars:
Ashenzari
Cheibriados
Dithmenos
Fedhas
Gozag
Hepliaklqana
Kikubaaqudgha
Makhleb
Nemelex Xobeh
Okawaru
Qazlal
Ru
Sif Muna
Trog
Uskayaw
Vehumet
Wu Jian
Xom
Yredelemnul
Jiyva

Shops:
D:2 =   D:6 [   D:10 !   D:12 (   Orc:2 [!:(   Elf:1 =:=   Elf:2 =   Snake:2 [
Vaults:1 (   Vaults:4 [

Portals:
Hell: Lair:5 Depths:1 Depths:3
Abyss: Depths:1 Depths:3
Pandemonium: Depths:1
Trove: Vaults:2 (give 13 potions of heal wounds)

Annotations:
D:11 exclusion: obsidian statue
Elf:2 3 runed translucent doors
Depths:3 2 transporters


Innate Abilities, Weirdness & Mutations

You are a living statue of rough stone.
Your actions are slow, but your melee attacks are powerful.
You are resistant to unholy torment.
Your maximum health is greatly increased.
You are immune to poison.
Your equipment is partially melded.
You have a pair of large horns on your head.
Your demonic aura causes all spilled blood to erupt in flames.
You are powered by pain.
Your magical and physical power is enhanced at high health.
You have a sharp stinger which inflicts weakening toxins.
Your touch may irresistibly damage your foes and sap their willpower.
You possess an exceptional clarity of mind.
You are clumsy. (Dex -2)
Your spells are a little harder to cast, but a little more powerful.
You passively dampen the noise of your surroundings.


Message History

The wind drake's mind is blasted!!
The wind drake is engulfed in blazing flames.
You kill the wind drake!
The wind drake's corpse disappears in a puff of smoke!
The balrug gestures at you.
The fireball explodes!
The fireball engulfs you!! You resist.
* * * LOW HITPOINT WARNING * * *
You focus on the pain.
You feel very mighty all of a sudden.
A white very ugly thing comes into view.
The balrug gestures at you.
The fireball explodes!
The fireball engulfs you! You resist.
* * * LOW HITPOINT WARNING * * *
The balrug gestures at you.
The fireball explodes!
The fireball engulfs you! You resist.
* * * LOW HITPOINT WARNING * * *
A white ugly thing comes into view.
The white very ugly thing moves out of view.
You hear a horrible gurgling sound! x2; The white ugly thing gurgles horribly!
You hear a horrible gurgling sound!
You step out of the flow of time.
You return to the normal time flow. 4 white very ugly things come into view.
The white very ugly thing barely misses you.
The white very ugly thing gurgles horribly! x2
The white ugly thing gurgles horribly!
The white very ugly thing gurgles horribly!
You pummel the white very ugly thing!!
You tail-slap the white very ugly thing!
The white very ugly thing looks weaker.
The white very ugly thing is moderately wounded.
You pummel the white very ugly thing like a punching bag!!!
You headbutt the white very ugly thing!!
You kill the white very ugly thing!
Cheibriados thoroughly appreciates the change of pace.
The white very ugly thing basks in the mutagenic energy from its kin and changes!
The white very ugly thing is engulfed in blazing flames.
The white very ugly thing stings you!
* * * LOW HITPOINT WARNING * * *
The white very ugly thing freezes you!!!
You die...

#8....8#
##....##
#8....8#
##....##
#8....8#
##....##
#####''#####
#.....☼§...#
##.8..u☼88.#
##....§uu.#
##...u.u.#
#.......'.
#.<.....'...
#.......#.....
#####.8.###8#8
##..# ## ##.#


You could see 4 very ugly things and a white ugly thing.

Vanquished Creatures
  2 dread liches (Vaults:5)
  The ghost of Irilyjoq the Slayer, a legendary FoFi of Okawaru (Vaults:2)
  2 juggernauts (Depths:3)
  Boris (Vaults:5)
  Bai Suzhen (Elf:3)
  the Lernaean hydra (Swamp:4)
  2 caustic shrikes (Depths:3)
  A golden dragon (Vaults:5)
  3 hellephants (Depths:3)
  4 tentacled monstrosities
  5 liches
  A deep elf blademaster (Elf:3)
  3 titans (Vaults:5)
  3 walking frostbound tomes
  The ghost of Yfiec the Earth Mage, an adept SpVM of Vehumet (Vaults:3)
  4 quicksilver dragons
  2 deep elf master archers (Elf:3)
  Frances (Snake:1)
  A thorn hunter (Swamp:3)
  8 sphinxes
  A storm dragon (Vaults:5)
  6 shadow dragons (Vaults:5)
  8 tengu reavers
  Roxanne (Swamp:3)
  9 nagarajas
  A fenstrider witch (Swamp:4)
  2 fire giants
  7 deep elf sorcerers (Elf:3)
  10 frost giants
  2 iron dragons
  An orc warlord (Vaults:1)
  6 deep elf elementalists
  3 ghouls (Swamp:2)
  19 vault wardens
  9 very ugly things
  The ghost of Catyentaxio the Impaler, a journeyman MfBe of Trog (Lair:4)
  6 ironbound preservers
  7 ironbound thunderhulks
  13 stone giants
  2 war gargoyles (Vaults:5)
  3 eleionomae
  4 deep elf demonologists
  A minotaur (Gauntlet)
  An entropy weaver (Vaults:4)
  2 vampire knights
  6 deep elf annihilators
  2 black draconians (Depths:4)
  Azrael (D:14)
  A spark wasp (Depths:3)
  An orange crystal statue (WizLab)
  4 bunyips
  22 dire elephants
  Snorg (D:13)
  10 ettins
  2 jiangshi (Depths:1)
  5 deep elf death magi (Elf:3)
  2 great orbs of eyes
  3 fire dragons
  A great orb of eyes (shapeshifter) (Depths:3)
  18 yaktaur captains
  A deep elf high priest (Elf:3)
  2 rakshasas
  A salamander tyrant (Snake:3)
  20 hydras
  32 vault guards
  4 ice dragons
  Harold (D:11)
  An ogre mage (Vaults:5)
  2 ghost crabs
  A jorogumo (shapeshifter) (D:15)
  Erolcha (D:11)
  8 boulder beetles
  4 anacondas
  A spriggan air mage (Depths:3)
  2 two-headed ogres (shapeshifter)
  2 peacekeepers
  20 centaur warriors
  5 catoblepae
  2 death knights (Vaults:2)
  7 deep troll shamans (Depths:3)
  5 ironbound frosthearts
  4 two-headed ogres
  5 alligators
  11 death yaks
  6 hell hogs
  4 tengu warriors
  18 naga warriors
  14 dancing weapons
  11 deep troll earth magi
  2 vampire magi (Depths:1)
  4 orc high priests
  A hell knight (Depths:3)
  2 spriggan berserkers (Depths:1)
  9 shock serpents
  17 naga sharpshooters
  6 salamander mystics
  8 deep elf knights
  3 sun demons (Depths:4)
  6 iron trolls
  11 skeletal warriors
  A shadow wraith (Vaults:2)
  A death drake (Swamp:1)
  Lodul (D:11)
  A sixfirhy (Lair:5)
  3 flayed ghosts
  14 sea snakes
  4 spriggan druids
  12 swamp dragons
  A glowing orange brain (Vaults:1)
  2 bog bodies (Swamp:1)
  10 goliath frogs
  19 deep trolls
  9 deep elf archers
  8 wizards
  Pikel (D:7)
  3 naga ritualists
  19 deep elf pyromancers
  22 ironbound convokers
  8 phantasmal warriors (Vaults:5)
  4 harpies (Vaults:1)
  An obsidian statue (Gauntlet)
  4 lindwurms
  15 deep elf zephyrmancers
  2 wolf spiders
  A necromancer (Vaults:3)
  An oklob plant (D:11)
  2 mana vipers
  A glowing shapeshifter (Depths:1)
  25 ugly things
  6 orc sorcerers
  9 orc knights
  4 will-o-the-wisps
  3 moths of wrath
  A shining eye (shapeshifter) (Vaults:5)
  2 cyclopes (D:15)
  A mana viper (shapeshifter) (Vaults:5)
  2 manticores
  Maurice (D:8)
  3 elephants
  23 salamanders
  30 black mambas
  8 guardian serpents
  18 naga magi
  Joseph (D:8)
  A fire giant skeleton (Vaults:3)
  14 vault sentinels
  A torpor snail (Lair:1)
  2 orange demons (Lair:5)
  A gargoyle (D:13)
  Maggie (D:8)
  20 cane toads
  14 komodo dragons
  36 yaktaurs
  3 freezing wraiths
  6 rime drakes
  An unseen horror (D:12)
  A human skeleton (Vaults:3)
  4 ice devils (Lair:5)
  A yaktaur skeleton (Vaults:3)
  A hellwing (Lair:5)
  3 polar bears
  8 trolls
  7 hornets
  A merfolk (D:10)
  6 tyrant leeches
  59 slime creatures
  8 blink frogs
  A dream sheep (Lair:3)
  2 wraiths
  4 shadows
  4 water elementals
  10 spriggans
  A vampire (D:13)
  4 air elementals
  An ettin skeleton (Vaults:3)
  71 yaks
  7 fire elementals
  8 basilisks
  Grum (D:10)
  5 wyverns
  14 vampire mosquitoes
  A redback (shapeshifter) (Vaults:4)
  2 steam dragons
  17 swamp worms
  46 nagas
  2 wargs (Orc:1)
  An acid dragon (D:8)
  20 water moccasins
  7 hell hounds
  3 floating eyes (Depths:3)
  An ice beast (D:7)
  14 swamp drakes
  21 orc warriors
  A black bear (shapeshifter) (D:13)
  A black bear (Lair:3)
  2 sky beasts (D:7)
  15 ogres
  4 centaurs
  15 wolves
  A lemure (D:7)
  A kobold brigand (D:8)
  5 earth elementals
  2 gnoll sergeants (D:8)
  3 necrophages
  6 bullfrogs
  6 scorpions
  5 wights
  15 killer bees
  2 howler monkeys
  4 electric eels
  3 hounds
  20 orc priests
  A gnoll bouda (D:4)
  17 jellies
  An iron imp (D:8)
  5 iguanas
  18 orc wizards
  27 gnolls
  6 adders
  2 shadow imps (D:7)
  2 worms
  A dart slug (D:1)
  76 orcs
  4 ball pythons
  6 endoplasms
  4 giant cockroaches
  4 hobgoblins
  5 jackals
  6 kobolds
  4 quokkas
  5 bats
  2 frilled lizards
  22 goblins
  5 rats
1623 creatures vanquished.

Vanquished Creatures (collateral kills)
  An elephant (Lair:3)
  2 nagas (Snake:2)
  2 killer bees (D:8)
5 creatures vanquished.

Vanquished Creatures (others)
  An alligator (Swamp:4)
  A shadow wraith (Depths:4)
  A wizard (D:14)
  A bloated husk (Swamp:4)
  A naga (Snake:4)
  An orc wizard (Orc:2)
  A fire vortex (Lair:5)
  12 foxfires
  8 fungi
  53 plants
80 creatures vanquished.

Grand Total: 1708 creatures vanquished

Notes
Turn   | Place    | Note
-------+----------+-------------------------------------------
     0 | D:1      | frimble the Demonspawn Earth Elementalist began the quest
                  | for the Orb.
     0 | D:1      | Reached XP level 1. HP: 13/13 MP: 3/3
    84 | D:1      | Reached skill level 1 in Transmutations
   130 | D:1      | Found a faded altar of an unknown god.
   165 | D:1      | Discovered your monstrous ancestry.
   165 | D:1      | Gained mutation: You have a small tail. [demonic ancestry]
   165 | D:1      | Reached XP level 2. HP: 13/19 MP: 0/5
   962 | D:1      | Reached skill level 1 in Fighting
  1031 | D:1      | Reached skill level 1 in Unarmed Combat
  1241 | D:1      | Gained mutation: You have a pair of small horns on your
                  | head. [demonic ancestry]
  1241 | D:1      | Reached XP level 3. HP: 26/26 MP: 6/6
  1437 | D:1      | Identified a scroll of acquirement
  1441 | D:1      | Acquired the amulet "Vin Abil" {Spirit rPois rF++ Int-5
                  | SInv}
  1711 | D:2      | Found Vyacrem's Jewellery Emporium.
  2461 | D:3      | Found a stormy altar of Qazlal.
  2465 | D:3      | Found a shimmering altar of Xom.
  2692 | D:4      | Reached skill level 2 in Fighting
  2692 | D:4      | Gained mutation: Your demonic aura sometimes causes spilled
                  | blood to erupt in flames. [demonic ancestry]
  2692 | D:4      | Reached XP level 4. HP: 13/33 MP: 2/7
  2952 | D:4      | Gained mutation: You sometimes gain a little power by
                  | taking damage. [demonic ancestry]
  2952 | D:4      | Reached XP level 5. HP: 32/38 MP: 5/8
  3315 | D:4      | Reached skill level 1 in Evocations
  4133 | D:5      | Entered Level 5 of the Dungeon
  4161 | D:5      | Gained mutation: You sometimes gain power by taking damage.
                  | [demonic ancestry]
  4161 | D:5      | Reached XP level 6. HP: 22/44 MP: 3/9
  6279 | D:5      | Reached skill level 5 in Unarmed Combat
  6279 | D:5      | Reached XP level 7. HP: 15/50 MP: 3/10
  6510 | D:5      | You fall into a shaft and drop 3 floors!
  6727 | D:7      | Identified the +4 spear "Cicw" {drain, Str+3 Stlth+}
  6880 | D:7      | Gained mutation: Armour fits poorly on your strangely
                  | shaped body. [potion of mutation]
  6880 | D:7      | Gained mutation: You have a pair of horns on your head.
                  | [potion of mutation]
  6894 | D:7      | Reached skill level 5 in Evocations
  6895 | D:7      | Lost mutation: Armour fits poorly on your strangely shaped
                  | body. [potion of mutation]
  6895 | D:7      | Lost mutation: You have a pair of horns on your head.
                  | [potion of mutation]
  6895 | D:7      | Gained mutation: You passively dampen the noise of your
                  | surroundings. [potion of mutation]
  6895 | D:7      | Gained mutation: Your spells are a little harder to cast,
                  | but a little more powerful. [potion of mutation]
  6895 | D:7      | Gained mutation: You are clumsy. (Dex -2) [potion of
                  | mutation]
  6895 | D:7      | Gained mutation: You possess an exceptional clarity of
                  | mind. [potion of mutation]
  7329 | D:6      | Reached XP level 8. HP: 53/56 MP: 9/11
  7447 | D:6      | Found a staircase to the Ecumenical Temple.
  7461 | Temple   | Entered the Ecumenical Temple
  8114 | D:5      | Found a radiant altar of Vehumet.
  8537 | D:5      | Found an iron altar of Okawaru.
  8811 | D:6      | Found Ybawevvy's Antique Armour Shoppe.
  8816 | D:6      | Bought a polished leather armour for 203 gold pieces
  8816 | D:6      | Identified the +0 leather armour of Mumblety Peg {Dex+6}
                  | (You bought it in a shop on level 6 of the Dungeon)
  8842 | D:6      | Bought a cloak for 130 gold pieces
  9459 | D:7      | Reached skill level 3 in Fighting
  9707 | D:7      | Found a blossoming altar of Fedhas.
  9845 | D:7      | Reached skill level 4 in Fighting
 10227 | D:7      | Noticed Pikel
 10233 | D:7      | Killed Pikel
 10234 | D:7      | Reached skill level 5 in Fighting
 10234 | D:7      | Gained mutation: You have a tail ending in a sharp stinger.
                  | [demonic ancestry]
 10234 | D:7      | Reached XP level 9. HP: 43/68 MP: 6/12
 10394 | D:7      | Found a bloodstained altar of Trog.
 10423 | D:7      | Found a hazy altar of Hepliaklqana.
 10710 | D:7      | Reached skill level 6 in Fighting
 11490 | D:8      | Noticed Maurice
 11507 | D:8      | Killed Maurice
 11508 | D:8      | Reached skill level 7 in Fighting
 11642 | D:8      | Found a snail-covered altar of Cheibriados.
 11671 | D:8      | Became a worshipper of Cheibriados the Contemplative
 11977 | D:8      | Noticed Joseph
 12051 | D:8      | Noticed Maggie
 12074 | D:8      | Killed Maggie
 12075 | D:8      | Reached XP level 10. HP: 47/80 MP: 8/13
 12311 | D:8      | Reached skill level 8 in Fighting
 12311 | D:8      | Reached skill level 1 in Shields
 13214 | D:9      | Reached skill level 10 in Unarmed Combat
 13242 | D:9      | Reached * piety under Cheibriados
 13581 | D:9      | Noticed a two-headed ogre
 13583 | D:9      | Killed a two-headed ogre
 13802 | D:9      | Found an ancient bone altar of Kikubaaqudgha.
 14555 | D:9      | Reached skill level 5 in Shields
 14798 | D:10     | Entered Level 10 of the Dungeon
 14816 | D:10     | Reached ** piety under Cheibriados
 14830 | D:10     | Gained mutation: Your touch may inflict minor irresistible
                  | damage on your foes. [demonic ancestry]
 14830 | D:10     | Reached XP level 11. HP: 26/86 MP: 3/14
 15129 | D:10     | Found a shadowy altar of Dithmenos.
 15292 | D:10     | Found a basalt altar of Yredelemnul.
 15297 | D:10     | Noticed a two-headed ogre
 15304 | D:10     | Killed a two-headed ogre
 15374 | D:10     | Noticed Grum
 15386 | D:10     | Killed Grum
 15736 | D:10     | Noticed a deep troll
 15742 | D:10     | Killed a deep troll
 15881 | D:10     | Found Ubeic's Distillery.
 16494 | D:11     | Reached *** piety under Cheibriados
 16587 | D:11     | Noticed a green ugly thing
 16609 | D:11     | Learned a level 6 spell: Statue Form
 16626 | D:11     | Noticed an obsidian statue
 16661 | D:11     | Killed a green ugly thing
 16698 | D:11     | Noticed a boulder beetle
 16962 | D:12     | Found a staircase to the Orcish Mines.
 17005 | D:12     | Reached **** piety under Cheibriados
 17482 | D:11     | Noticed Erolcha
 17482 | D:11     | Noticed Harold
 17482 | D:11     | Noticed a two-headed ogre
 17659 | D:12     | Noticed an eight-headed hydra
 17660 | D:12     | Found Gipocergh's Antique Weapon Shop.
 17665 | D:12     | Killed an eight-headed hydra
 18066 | D:11     | Learned a level 2 spell: Passwall
 18070 | D:11     | Found a staircase to the Lair.
 18072 | D:11     | Noticed an oklob plant
 18091 | Lair:1   | Entered Level 1 of the Lair of Beasts
 18128 | Lair:1   | Reached skill level 5 in Earth Magic
 18648 | Lair:1   | Gained mutation: You have a sharp stinger which inflicts
                  | weakening toxins. [demonic ancestry]
 18648 | Lair:1   | Reached XP level 12. HP: 90/92 MP: 15/15
 18716 | Lair:1   | Reached skill level 5 in Transmutations
 19383 | Lair:2   | Reached ***** piety under Cheibriados
 19770 | Lair:2   | Found a staircase to the Snake Pit.
 19858 | Lair:2   | Noticed a catoblepas
 20374 | Lair:3   | Noticed a seven-headed hydra
 20418 | Lair:3   | Killed a seven-headed hydra
 20809 | Lair:3   | Gained mutation: Your demonic aura often causes spilled
                  | blood to erupt in flames. [demonic ancestry]
 20809 | Lair:3   | Reached XP level 13. HP: 98/98 MP: 16/16
 21322 | Lair:3   | Reached ****** piety under Cheibriados
 21334 | Lair:3   | Found a staircase to the Swamp.
 21448 | Lair:4   | Reached skill level 10 in Earth Magic
 21543 | Lair:4   | Reached skill level 10 in Transmutations
 21602 | Lair:4   | Found a viscous altar of Jiyva.
 21604 | Lair:4   | Found a staircase to the Slime Pits.
 22133 | Lair:4   | Found a transporter.
 22136 | Lair:4   | Noticed Catyentaxio's ghost (journeyman MfBe)
 22169 | Lair:4   | Found a transporter.
 22648 | Lair:5   | Entered Level 5 of the Lair of Beasts
 22803 | Lair:5   | Reached XP level 14. HP: 105/105 MP: 17/17
 23498 | Lair:5   | Found a burning altar of Makhleb.
 23579 | Lair:5   | Found a gateway to Hell.
 24758 | D:11     | Reached skill level 5 in Spellcasting
 24807 | D:11     | Noticed Lodul
 24816 | D:11     | Killed Lodul
 24933 | D:11     | Killed Harold
 24935 | D:11     | Killed Erolcha
 25643 | D:13     | Noticed Snorg
 25654 | D:13     | Killed Snorg
 25724 | D:13     | Gained mutation: You are powered by pain. [demonic
                  | ancestry]
 25724 | D:13     | Reached XP level 15. HP: 97/110 MP: 19/25
 26004 | D:13     | Reached skill level 5 in Dodging
 26501 | D:14     | Learned a level 1 spell: Apportation
 26504 | D:14     | Learned a level 2 spell: Blink
 26599 | D:14     | Noticed Azrael
 26610 | D:14     | Killed Azrael
 26611 | D:14     | Reached skill level 1 in Invocations
 26981 | D:14     | Found a gate to the Vaults.
 27096 | D:14     | Noticed a tengu reaver
 27113 | D:14     | Killed a tengu reaver
 27205 | D:15     | Entered Level 15 of the Dungeon
 27216 | D:15     | Found a gate leading to a gauntlet.
 27226 | Gauntlet | Entered a Gauntlet
 27226 | Gauntlet | Found a transporter.
 27226 | Gauntlet | Found a transporter.
 27234 | Gauntlet | Found a transporter.
 27238 | Gauntlet | Found a transporter.
 27246 | Gauntlet | Found a transporter.
 27251 | Gauntlet | Found a transporter.
 27260 | Gauntlet | Found a transporter.
 27275 | Gauntlet | Found a transporter.
 27289 | Gauntlet | Found a transporter.
 27293 | Gauntlet | Found a transporter.
 27302 | Gauntlet | Found a transporter.
 27305 | Gauntlet | Found a transporter.
 27354 | Gauntlet | Identified the ring of Juewip {Contam Dex+3 Slay+3 SInv}
 27461 | Gauntlet | Identified the +2 pair of boots of the Fuzzy God {rC+}
 27509 | Gauntlet | Found the +3 warlock's mirror {reflect}
 27517 | Gauntlet | Reached skill level 9 in Fighting
 27538 | Gauntlet | Got the Incunabulum of the Vexing Summer
 27639 | D:15     | Found a staircase to the Depths.
 27650 | D:15     | Paralysed by a great orb of eyes for 5 turns
 27658 | D:15     | Reached skill level 5 in Invocations
 28138 | Orc:1    | Entered Level 1 of the Orcish Mines
 28282 | Orc:2    | Entered Level 2 of the Orcish Mines
 28591 | Orc:2    | Found a staircase to the Elven Halls.
 28920 | Orc:2    | Found Ostri's Antique Weapon Shop.
 28920 | Orc:2    | Found Itauweko's Antique Armour Emporium.
 28922 | Orc:2    | Found Gironlu's Book Shop.
 28922 | Orc:2    | Found Teamesuot's Distillery.
 28932 | Orc:2    | Bought a potion of cancellation for 96 gold pieces
 28932 | Orc:2    | Bought a potion of curing for 36 gold pieces
 28932 | Orc:2    | Bought a potion of curing for 36 gold pieces
 28932 | Orc:2    | Bought a potion of curing for 36 gold pieces
 28932 | Orc:2    | Bought a potion of heal wounds for 60 gold pieces
 29114 | Orc:1    | Gained mutation: You have a pair of horns on your head.
                  | [demonic ancestry]
 29114 | Orc:1    | Reached XP level 16. HP: 122/122 MP: 26/26
 29435 | Elf:1    | Entered Level 1 of the Elven Halls
 29477 | Elf:1    | Found Rune's Jewellery Shop.
 29478 | Elf:1    | Found Fopnoecsi's Book Emporium.
 29480 | Elf:1    | Found Neumm's Jewellery Shop.
 29487 | Elf:1    | Bought a manual of Spellcasting for 1280 gold pieces
 29487 | Elf:1    | Bought a book of Annihilations for 960 gold pieces
 29534 | Elf:1    | Found a magical portal.
 29549 | WizLab   | Entered Wucad Mu's Monastery
 29630 | WizLab   | Found the +9 staff of Wucad Mu {*channel}
 29885 | WizLab   | Reached skill level 12 in Fighting
 29885 | WizLab   | Gained mutation: Your demonic aura causes all spilled blood
                  | to erupt in flames. [demonic ancestry]
 29885 | WizLab   | Reached XP level 17. HP: 135/135 MP: 27/27
 30064 | Elf:1    | Paralysed by an air elemental for 1 turns
 30086 | Elf:1    | Reached skill level 13 in Fighting
 30890 | Elf:1    | Found a shimmering blue altar of Sif Muna.
 30956 | Elf:2    | Identified the ring "Bionem" {rF+ rC++ rCorr MP+9 Stlth-}
 30987 | Elf:2    | Found Juth's Jewellery Shop.
 31021 | Elf:2    | Reached skill level 14 in Fighting
 31081 | Elf:2    | Got Utodoj's Parchment of Sepulchral Lightning
 31209 | Elf:2    | Found a runed translucent gate.
 31209 | Elf:2    | Found a runed translucent gate.
 31213 | Elf:2    | Found a runed translucent gate.
 31284 | Elf:2    | Reached skill level 10 in Spellcasting
 31432 | Elf:3    | Entered Level 3 of the Elven Halls
 31692 | Elf:3    | Paralysed by an air elemental for 1 turns
 31730 | Elf:3    | Got the Collected Works on the Baleful Sky
 31769 | Elf:3    | Paralysed by an air elemental for 1 turns
 31823 | Elf:3    | Noticed Bai Suzhen
 31836 | Elf:3    | Killed Bai Suzhen
 31924 | Elf:3    | Reached skill level 15 in Fighting
 32047 | Elf:3    | Noticed a Brimstone Fiend
 32078 | Elf:3    | Noticed a deep elf blademaster
 32090 | Elf:3    | Killed a deep elf blademaster
 32122 | Elf:3    | Identified the ring "Badu" {rF+ Will+}
 32143 | Elf:3    | Identified the +7 whip of Distant Shores {antimagic, rF+
                  | Str+4 Stlth+}
 32148 | Elf:3    | Identified the +1 plate armour of Yredelemnul's Pride {rF+
                  | Str+7 Stlth-}
 32160 | Elf:3    | Identified the +1 scale mail of Secwy {Will+ Int+2 Stlth+}
 32168 | Elf:3    | Identified the +1 helmet of the Harvest {Int+3}
 32179 | Elf:3    | Identified the +8 shortbow of Hospitality {freeze, rF-
                  | Str+4 Dex+2}
 32186 | Elf:3    | Identified the +6 short sword "Qusoegul" {flame, rF+ rN+}
 32217 | Elf:3    | Reached XP level 18. HP: 150/150 MP: 30/33
 32424 | Elf:3    | Identified the ring "Zygec" {*Corrode rF+ Int+3}
 32582 | Elf:3    | Learned a level 5 spell: Borgnjor's Vile Clutch
 32884 | D:8      | Killed Joseph
 33120 | Lair:4   | Killed Catyentaxio's ghost
 33126 | Lair:4   | Identified the amulet of Ulicoj {Rampage rPois rC- Regen+
                  | Dex+2}
 33217 | Lair:2   | Reached skill level 1 in Necromancy
 33243 | Snake:1  | Entered Level 1 of the Snake Pit
 33332 | Snake:1  | Reached skill level 1 in Translocations
 33441 | Snake:1  | Identified the amulet of Cynicism {Reflect Drain rElec
                  | rC+++ Regen+ SH+5}
 33537 | Snake:1  | Noticed Frances
 33543 | Snake:1  | Killed Frances
 33544 | Snake:1  | Reached skill level 16 in Fighting
 33998 | Snake:2  | Found Zemeplud's Armour Shop.
 34155 | Snake:2  | Identified the +5 ring mail of Wiygysyc {Slay+2}
 35558 | Snake:3  | Reached skill level 5 in Necromancy
 36223 | Snake:4  | Entered Level 4 of the Snake Pit
 36271 | Snake:4  | Reached skill level 5 in Translocations
 36312 | Snake:4  | Gained mutation: Your touch may inflict irresistible damage
                  | on your foes. [demonic ancestry]
 36312 | Snake:4  | Reached XP level 19. HP: 157/157 MP: 28/36
 36844 | Snake:4  | Reached skill level 15 in Unarmed Combat
 36911 | Snake:4  | Got a serpentine rune of Zot
 37149 | Snake:4  | Identified the +6 great sword of Masyshots {venom, Contam
                  | Will+ rCorr Dex+8}
 37906 | Swamp:1  | Entered Level 1 of the Swamp
 38189 | Swamp:1  | Acquired 312 gold pieces
 38191 | Swamp:1  | Acquired 1238 gold pieces
 38499 | Elf:2    | Bought the amulet of Vitality {RegenMP++ Regen++} for 2000
                  | gold pieces
 38499 | Elf:2    | Found the amulet of Vitality {RegenMP++ Regen++}
 39969 | Swamp:3  | Identified Roxanne's Compendium of Evolution
 39969 | Swamp:3  | Noticed Roxanne
 39983 | Swamp:3  | Killed Roxanne
 40418 | Swamp:4  | Entered Level 4 of the Swamp
 40561 | Swamp:4  | Reached skill level 15 in Spellcasting
 40583 | Swamp:4  | Gained mutation: Your touch may irresistibly damage your
                  | foes and sap their willpower. [demonic ancestry]
 40583 | Swamp:4  | Reached XP level 20. HP: 164/164 MP: 39/39
 40623 | Swamp:4  | Noticed the 27-headed Lernaean hydra
 40626 | Swamp:4  | Killed the 27-headed Lernaean hydra
 40702 | Swamp:4  | Got a decaying rune of Zot
 41557 | Vaults:1 | Entered Level 1 of the Vaults
 41852 | Vaults:1 | Reached skill level 10 in Necromancy
 42438 | Vaults:1 | Found Paolax's Antique Weapon Shop.
 42462 | Vaults:1 | Reached skill level 10 in Invocations
 42894 | Vaults:2 | Reached skill level 17 in Fighting
 43221 | Vaults:2 | Found a staircase to the Crypt.
 43274 | Vaults:2 | Reached skill level 10 in Dodging
 43290 | Vaults:2 | Found a portal to a secret trove of treasure.
 43450 | Vaults:2 | Found a large runed translucent door.
 43450 | Vaults:2 | Found a large runed translucent door.
 43454 | Vaults:2 | Noticed Irilyjoq's ghost (legendary FoFi)
 43848 | Vaults:2 | Killed Irilyjoq's ghost
 43948 | Vaults:3 | Identified the +6 great mace of Kitiw {elec, rCorr Stlth+}
 44093 | Vaults:3 | Gained mutation: Your magical and physical power is
                  | slightly enhanced at high health. [demonic ancestry]
 44093 | Vaults:3 | Reached XP level 21. HP: 176/176 MP: 40/40
 44474 | Vaults:3 | You fall into a shaft and drop 1 floor!
 44541 | Abyss:1  | Cast into level 1 of the Abyss (vault sentinel)
 44548 | Vaults:4 | Escaped the Abyss
 44552 | Vaults:4 | Reached skill level 18 in Fighting
 44625 | Vaults:4 | Reached skill level 5 in Stealth
 44637 | Vaults:4 | Found Lys Ypt's Antique Armour Shoppe.
 45515 | Vaults:4 | Acquired 726 gold pieces
 45526 | Vaults:5 | Entered Level 5 of the Vaults
 45549 | Vaults:5 | Reached skill level 19 in Fighting
 45592 | Vaults:5 | Noticed a dread lich
 45604 | Vaults:5 | Killed a dread lich
 45623 | Vaults:5 | Noticed a golden dragon
 45634 | Vaults:5 | Killed a golden dragon
 45649 | Vaults:5 | Got a silver rune of Zot
 45838 | Vaults:5 | Got A Beginning Course on the Occult
 45928 | Vaults:5 | Gained mutation: You have a pair of large horns on your
                  | head. [demonic ancestry]
 45928 | Vaults:5 | Reached XP level 22. HP: 174/174 MP: 41/41
 46069 | Vaults:5 | Identified the +0 tower shield of the Blizzard {Int+7}
 46518 | Vaults:5 | Noticed a dread lich
 46520 | Vaults:5 | Found the +2 cloak of the Thief {*Fog Slay-2 SInv Stlth+}
 46524 | Vaults:5 | Killed a dread lich
 46547 | Vaults:5 | Got Tobylun's Quarto of Petrous Fascination
 46715 | Vaults:5 | Noticed Boris
 46727 | Vaults:5 | Killed Boris
 46871 | Vaults:5 | Reached skill level 20 in Fighting
 47221 | Vaults:3 | Found a transporter.
 47221 | Vaults:3 | Noticed Yfiec's ghost (adept SpVM)
 47426 | Vaults:3 | Found a transporter.
 47434 | Vaults:3 | Killed Yfiec's ghost
 47440 | Vaults:3 | Reached skill level 15 in Invocations
 47449 | Vaults:3 | Identified the +11 gold dragon scales of the Nine of Cups
                  | {rPois rF+ rC+ rN++}
 47638 | Depths:1 | Entered Level 1 of the Depths
 47674 | Depths:1 | Reached skill level 1 in Armour
 47696 | Depths:1 | Found a broken altar of Ashenzari.
 47850 | Depths:1 | Found a one-way gate leading to the halls of Pandemonium.
 47975 | Depths:1 | Found a one-way gate to the infinite horrors of the Abyss.
 48700 | Depths:2 | You fall into a shaft and drop 1 floor!
 48703 | Depths:3 | Noticed a juggernaut
 48715 | Depths:3 | Killed a juggernaut
 48731 | Depths:3 | Noticed a caustic shrike
 48733 | Depths:3 | Killed a caustic shrike
 48734 | Depths:3 | Reached skill level 5 in Armour
 48859 | Depths:3 | Noticed a caustic shrike
 48862 | Depths:3 | Killed a caustic shrike
 48866 | Depths:3 | Gained mutation: Your magical and physical power is
                  | enhanced at high health. [demonic ancestry]
 48866 | Depths:3 | Reached XP level 23. HP: 196/196 MP: 42/42
 48972 | Depths:3 | Noticed a juggernaut
 48979 | Depths:3 | Killed a juggernaut
 49244 | Depths:3 | Identified the ring of Kettin {Fly Will+ Dex+6}
 49398 | Depths:3 | Reached skill level 10 in Stealth
 49431 | Depths:3 | Found a transporter.
 49474 | Depths:3 | Found a transporter.
 49495 | Depths:3 | Found a transporter.
 49560 | Depths:3 | Identified the +5 hand axe "Tufa" {venom, rC- Will+ Dex+3}
 49599 | Depths:3 | Found a transporter.
 50064 | Depths:4 | Entered Level 4 of the Depths
 50133 | Depths:4 | Demolished by a white very ugly thing

Illustrated notes

Levels and vault maps discovered:
D:1:      dpeg_arrival_rhombus, layout_loops_ring,
          ebering_ecumenical_altar_ruins, nicolae_kite_square_tiling_tiny,
          nicolae_eternal_life, chequers_mini_garden
D:2:      layout_loops_ring, serial_shops, nicolae_shop_statue_plus
D:3:      minmay_chambers_of_twos, layout_rooms, grunt_temple_overflow_open
D:4:      cheibrodos_helix_gallery, layout_basic,
          mainiacjoe_overflow_surrounded_room
D:5:      layout_basic, vehumet_altar_wand_db, lemuel_tele_altar,
          minmay_ogre_servants
D:6:      layout_gridville, temple_pool_b, serial_shops,
          nicolae_shop_hallway_plus
D:7:      layout_cave_pods, kennysheep_mini_moat, mainiacjoe_overflow_two_lobes,
          grunt_ministairs_13, grunt_tough_drop, uniq_pikel
D:8:      layout_loops_ring, slow_altar_1, uniq_joseph, uniq_maggie,
          uniq_maurice
D:9:      layout_basic, mainiacjoe_overflow_alcove_1,
          nicolae_tso_carved_into_rock, solitary_fountain
D:10:     dreamdust_cave_troll, layout_basic, lemuel_doored_altar,
          mainiacjoe_overflow_tiny_flanked, serial_shops, nicolae_diamond_shop,
          hangedman_abyss_or_decor_stagger, hangedman_fish_farm, uniq_grum
D:11:     layout_stronghold, dpeg_oklobed_lair, minivault_16, uniq_erolcha,
          uniq_lodul, uniq_harold
D:12:     layout_basic, hiddenorc2_lemuel, serial_shops, shop_coins
D:13:     layout_basic, uniq_snorg
D:14:     minmay_glassy_protrusions, layout_basic, david_vaults_5,
          grunt_decor_arrowhead, uniq_azrael
D:15:     hangedman_depths_entry_try_elsewhere_first, layout_gridville,
          gauntlet_entry_generic, grunt_ministairs_9
Temple:   kb_temple_of_zot
Lair:1:   layout_cave_pods
Lair:2:   layout_hall_layers, guppyfry_snake_entry_island
Lair:3:   nzn_winding_woodlands_three_and_one
          [nzn_winding_woodlands_5x15_parted, nzn_winding_woodlands_5x15_cabin,
          nzn_winding_woodlands_5x15_zeroes,
          nzn_winding_woodlands_center_garden], layout_regular_city,
          palyth_hydra_swamp_entry, hangedman_lair_generics_rect
Lair:4:   layout_long_grid, minmay_slime_entry_jelly_boxes,
          gammafunk_ghost_berserking_beasts, minmay_shattered_shrine
Lair:5:   evil_forest, layout_gridlike
Swamp:1:  layout_falls_marsh, infiniplex_staircase_pool,
          nicolae_swamp_drake_lake
Swamp:2:  layout_falls_marsh, nicolae_swamp_treefoil,
          nicolae_swamp_triple_paths, swamp_pool5
Swamp:3:  layout_basic_swamp, serial_swamp_ruin, evilmike_swamp_ruin_house_6,
          hangedman_swamp_ruin_wall, hangedman_swamp_ruin_hall, swamp_pool5,
          nicolae_swamp_catching_bugs, uniq_roxanne
Swamp:4:  swamp_old_school, layout_basic_swamp, swamp_pool1,
          nicolae_swamp_orc_logging_accident
Snake:1:  layout_gridlike, uniq_frances
Snake:2:  layout_layer_cave, serial_shops, nicolae_stop_n_shop_1,
          nicolae_snake_snakewalk, serial_bayou_shore_a
Snake:3:  layout_cave_shapes, grunt_ministairs_1
Snake:4:  grunt_snake_rune_pools, layout_layer_cave, nicolae_snake_snake_lake,
          serial_bayou_ford_a
Orc:1:    layout_caves
Orc:2:    grunt_orc_tribal_feast, layout_caves
Elf:1:    layout_geoelf_octagon, infiniplex_enter_wizlab_glasses, minivault_28,
          minmay_shop_grove, lemuel_upstairs_altar
Elf:2:    elven_hall_of_blades_hangedman_original [grunt_blade_entry_basic],
          layout_rooms, serial_shops, shop, minmay_curled_crystal
Elf:3:    minmay_elf_hall_dome, layout_loops_cross, minivault_23,
          uniq_bai_suzhen
Vaults:1: grunt_vaults_hallway_short, v_misc_29, vaults_room_pools,
          hangedman_vaults_cutoff, grunt_vaults_trifunnel, vaults_room_hallway,
          v_misc_25, ontoclasm_vaults_loading_screen, layout_vaults_omnigrid,
          serial_shops, nicolae_shop_waterfront
Vaults:2: ebering_ghost_disaster_area, nicolae_vaults_big_angled_halls,
          v_misc_5, hangedman_vaults_locks, vaults_standard_mumra_lines,
          nicolae_vaults_diagonal_hallway_9, v_misc_3, v_misc_2, v_misc_8,
          hangedman_vaults_capsules, v_misc_22, layout_vaults_maze_snakey,
          blue_anna_dwarven_crypt, enter_trove_0
Vaults:3: gammafunk_ghost_smash, grunt_vaults_hallway_long, v_misc_27,
          nicolae_vaults_yaktaur_gun_rack, grunt_vaults_hallway_short,
          ontoclasm_vaults_twist, v_misc_31, vaults_dpeg_hooks,
          layout_vaults_big_room
Vaults:4: vaults_room_mumra_shop_pool, vaults_room_glass_cross, v_misc_32,
          v_alt_pattern_2, nicolae_vaults_three_branches,
          ontoclasm_vaults_decontamination, hangedman_vaults_slice, v_misc_16,
          nicolae_vaults_alarming, vaults_room_pool, vaults_dpeg_diagonal,
          nicolae_vaults_border_crossing, vaults_dpeg_ring,
          layout_vaults_omnicross
Vaults:5: uniq_boris
Depths:1: layout_forbidden_donut, lemuel_statue_altar, hangedman_geh_valley,
          abyss_entry, pan_entry, kennysheep_small_square,
          nicolae_triple_integral
Depths:2: hellmonk_destroyed_diamonds, layout_basic, abyss_entry, serial_sigils,
          serial_sigils_hangedman_snap, serial_sigils_hangedman_etch,
          serial_sigils_hangedman_shear, serial_sigils_hangedman_gut,
          serial_sigils_hangedman_snap, hell_entry, grunt_pan_entry_sceptre,
          infiniplex_staircase_x, uniq_aizul
Depths:3: angbandy_vault, layout_gridlike, abyss_entry, grunt_hell_horde,
          hangedman_decor_diamond_cutter, nicolae_diode_intersection
Depths:4: grunt_profane_halls [grunt_profane_temple_dis,
          grunt_profane_temple_coc, grunt_profane_temple_geh,
          grunt_profane_temple_tar, grunt_zot_portal], abyss_entry, hell_entry,
          uniq_saint_roka

Skill      XL: |  1  2  3  4  5  6  7  8  9 10 11 12 13 14 15 16 17 18 19 20 21 22 23 |
---------------+----------------------------------------------------------------------+-----
Transmutations | 1 4 8 11 12 | 12.0
Fighting       | 1 2 5 7 8 9 12 15 16 17 19 20 | 20.8
Unarmed Combat | 1 3 4 5 6 8 9 11 13 14 15 16 17 18 19 | 19.1
Evocations     | 2 3 5 6 |  6.0
Shields        | 5 8 |  8.4
Earth Magic    | 5 9 11 13 | 13.0
Spellcasting   | 7 11 13 15 | 15.0
Dodging        | 3 7 8 10 11 12 | 12.3
Invocations    | 6 7 8 11 13 15 | 15.1
Necromancy     | 6 9 10 | 10.0
Translocations | 5 7 |  7.0
Stealth        | 4 7 9 10 | 10.7
Armour         | 5 |  5.2

Action                   |  1- 3 |  4- 6 |  7- 9 | 10-12 | 13-15 | 16-18 | 19-21 | 22-24 || total
-------------------------+-------+-------+-------+-------+-------+-------+-------+-------++-------
Melee: Unarmed           |   100 |   164 |   331 |   676 |   739 |   491 |   879 |   413 ||  3793
       Tailslap          |    15 |    23 |    54 |   135 |   147 |    92 |   153 |    95 ||   714
       Headbutt          |    16 |    32 |    60 |   199 |   217 |   145 |   263 |   162 ||  1094
       Punch             |       |     7 |    12 |    11 |       |       |       |       ||    30
 Cast: Sandblast         |    18 |       |       |       |       |       |       |       ||    18
       Passwall          |       |       |       |     1 |       |     4 |       |       ||     5
       Statue Form       |       |       |       |       |    84 |    69 |    81 |    34 ||   268
       Blink             |       |       |       |       |       |     4 |     1 |       ||     5
Invok: Slouch            |       |       |       |       |       |     1 |     1 |       ||     2
       Step From Time    |       |       |       |       |       |       |       |     1 ||     1
 Abil: End Transformatio |       |       |       |       |     2 |       |       |     1 ||     3
Evoke: Wand              |       |       |     8 |     3 |       |       |       |     1 ||    12
       Condenser vane    |       |       |       |       |       |     1 |     1 |       ||     2
       Tin of tremorston |       |       |       |       |       |     2 |       |       ||     2
  Use: Scroll            |     9 |     2 |     7 |    12 |     4 |     2 |     4 |       ||    40
       Potion            |     2 |     4 |     3 |     3 |       |     2 |       |       ||    14
 Stab: Sleeping          |     4 |     3 |       |     7 |     9 |    11 |    17 |    13 ||    64
       Distracted        |       |       |     1 |     2 |     4 |     3 |     1 |       ||    11
       Petrified         |       |       |       |       |     2 |       |       |       ||     2
       Confused          |       |       |       |       |       |       |     1 |     1 ||     2
       Paralysed         |       |       |       |       |       |       |       |     1 ||     1
Armor: Robe              |    19 |    13 |       |       |       |       |       |       ||    32
       Skin              |       |    16 |       |       |   368 |   284 |   446 |   176 ||  1290
       Ring mail         |       |    11 |    34 |       |       |       |       |       ||    45
       Leather armour    |       |       |    42 |   112 |    21 |       |       |       ||   175
       Troll leather arm |       |       |       |       |     7 |     8 |    14 |     5 ||    34
       Gold dragon scale |       |       |       |       |       |       |       |    21 ||    21
Dodge: Dodged            |    65 |    63 |   186 |   310 |   802 |   544 |  1011 |   469 ||  3450
Block: Buckler           |       |       |       |   195 |   516 |   590 |   783 |   317 ||  2401
       Reflection        |       |       |       |       |    11 |   136 |   139 |    36 ||   322

Table legend: (Time is in decaauts)
 A = Elapsed time spent in this place.
 B = Non-inter-level travel time spent in this place.
 C = Inter-level travel time spent in this place.
 D = Time resting spent in this place.
 E = Time spent auto-exploring this place.
 F = Levels seen in this place.
 G = Mean time per level.
                   A        B        C        D        E       F      G
               +--------+--------+--------+--------+--------+-----+--------+
         Total |  80893 |  73975 |   6918 |    687 |  59397 |  46 | 1758.5 |
       Dungeon |  26812 |  24386 |   2426 |    652 |  20410 |  15 | 1787.5 |
        Temple |    108 |     92 |     16 |      0 |     87 |   1 |  108.0 |
          Lair |  11987 |  10342 |   1645 |     22 |   8307 |   5 | 2397.4 |
         Swamp |   6224 |   5773 |    451 |      0 |   4657 |   4 | 1556.0 |
     Snake Pit |   9114 |   8561 |    553 |      0 |   7019 |   4 | 2278.5 |
  Orcish Mines |   2898 |   2278 |    620 |      0 |   1820 |   2 | 1449.0 |
   Elven Halls |   5611 |   5257 |    354 |      0 |   3826 |   3 | 1870.3 |
        Vaults |  11712 |  11081 |    631 |      0 |   8774 |   5 | 2342.4 |
        Depths |   4964 |   4746 |    218 |      0 |   3735 |   4 | 1241.0 |
         Abyss |     18 |     18 |      0 |      0 |      0 |   1 |   18.0 |
        Wizlab |    765 |    765 |      0 |     13 |    451 |   1 |  765.0 |
      Gauntlet |    675 |    675 |      0 |      0 |    308 |   1 |  675.0 |
               +--------+--------+--------+--------+--------+-----+--------+

Top non-repeatable levels by time:
 Snake:2: 3109 daAuts
 Snake:4: 2952 daAuts
  Lair:3: 2825 daAuts
  Lair:5: 2694 daAuts
Vaults:5: 2680 daAuts
Depths:3: 2656 daAuts
     D:8: 2622 daAuts
  Lair:4: 2466 daAuts
     D:4: 2423 daAuts
Vaults:2: 2414 daAuts
Vaults:1: 2394 daAuts
   Elf:3: 2314 daAuts
    D:11: 2229 daAuts
    D:10: 2156 daAuts
     D:7: 2145 daAuts
